 Dungeon Crawl Stone Soup version 0.19-a0-1311-gdcfd90a (webtiles) character file.

102 Arkorax the Shield-Bearer (level 5, -1/42 HPs)
             Began as a Formicid Fighter on Aug 31, 2016.
             Slain by Natasha (7 damage)
             ... on level 2 of the Dungeon.
             The game lasted 00:01:26 (1706 turns).

Arkorax the Shield-Bearer (Formicid Fighter)        Turns: 1706, Time: 00:01:27

Health: -1/42      AC:  9    Str: 21    XL:     5   Next: 6%
Magic:  5/5        EV:  6    Int:  8    God:
Gold:   65         SH:  9    Dex: 10    Spells: 0 memorised, 4 levels left

rFire  . . .     SeeInvis +     a - +0 long sword
rCold  . . .     Gourm    .     e - +0 chain mail
rNeg   . . .     Faith    .     c - +0 shield
rPois  .         Spirit   .     (helmet unavailable)
rElec  .         Dismiss  .     (no cloak)
rCorr  .         Reflect  .     (no gloves)
MR     .....     Harm     .     (no boots)
Stlth  ..........               (no amulet)
                                (no ring)
                                (no ring)

@: no status effects
A: permanent stasis, dig shafts and tunnels, four strong arms, antennae 3
a: Dig, Shaft Self


You were on level 2 of the Dungeon.
You were not hungry.

You visited 1 branch of the dungeon, and saw 2 of its levels.

You collected 65 gold pieces.

Inventory:

Hand Weapons
 a - a +0 long sword (weapon)
Armour
 b - a +0 scale mail
 c - a +0 shield (worn)
 e - a +0 chain mail (worn)
Jewellery
 l - a +2 ring of evasion {unknown}
Scrolls
 i - a scroll of blinking {unknown}
 k - a scroll of identify {unknown}
 m - a scroll of noise {unknown}
Potions
 d - a potion of might {!q}
 h - a potion of haste {unknown}
Comestibles
 g - 2 slices of pizza
 j - a meat ration {!e}


   Skills:
 + Level 4.0 Fighting
 * Level 3.5 Long Blades
 - Level 3.2 Armour
 + Level 4.6 Shields


You had 4 spell levels left.
You didn't know any spells.

Dungeon Overview and Level Annotations

Branches:
Dungeon (2/15)

Altars:
Elyvilon
Sif Muna
Uskayaw

Annotations:
D:2 Natasha


Innate Abilities, Weirdness & Mutations

You are under a permanent stasis effect.
You can dig through walls and to a lower floor.
Your four strong arms can wield two-handed weapons with a shield.
You have a pair of large antennae on your head. (SInv)


Message History

There are monsters nearby!
A rat and a goblin come into view.
You block the bat's attack.
Natasha stares at you and mumbles some strange words.
The magic dart hits you!
* * * LOW HITPOINT WARNING * * *
You slash the bat!
You kill the bat!
Natasha stares at you and mumbles some strange words.
Your stasis keeps you stable.
There are monsters nearby!
Found an escape hatch in the floor.
There are monsters nearby!
You hit Natasha.
Natasha is moderately wounded.
Natasha barely misses you.
You riposte.
You hit Natasha.
Natasha is heavily wounded.
Damage: 3 (max 3)
You closely miss Natasha.
Natasha is heavily wounded.
Natasha claws you.
* * * LOW HITPOINT WARNING * * *
You block Natasha's attack.
You hit Natasha.
Natasha is almost dead.
The rat closely misses you. Natasha casts a spell at you.
Your stasis keeps you stable.
You miss Natasha.
Natasha is almost dead.
You block the rat's attack. The goblin hits you but does no damage.
Natasha claws you but does no damage. The rat barely misses you.
You riposte.
You slash the rat!
You kill the rat!
You closely miss Natasha.
Natasha is almost dead.
Natasha mumbles some strange words.
Natasha shimmers violently.
Natasha casts a spell.
The goblin hits you with a mace.
* * * LOW HITPOINT WARNING * * *
You block Natasha's attack.
You closely miss Natasha.
Natasha is almost dead.
You block the goblin's attack. The white imp gestures at you.
The puff of frost hits you!
* * * LOW HITPOINT WARNING * * *
Natasha claws you!
You die...

#............. #.
######.######> #.
#))#####.#
######.#......
#........#
.####.......<#
.............#
#?##g.5.....#
#...†@......#
#.#.h.....).#
............#
..#......_..#...
#.............#
..._..♣.........
............##..#
.##>... .....


You could see Natasha, a white imp and a goblin.

Vanquished Creatures
  Natasha (twice) (D:2)
  3 dart slugs
  2 giant geckos
  9 bats
  3 giant cockroaches
  4 goblins
  2 hobgoblins
  7 jackals
  3 giant newts (D:1)
  5 kobolds
  6 rats
46 creatures vanquished.

Vanquished Creatures (others)
  A quokka (D:2)
1 creature vanquished.

Grand Total: 47 creatures vanquished

Notes
Turn   | Place    | Note
-------+----------+-------------------------------------------
     0 | D:1      | Arkorax the Formicid Fighter began the quest for the Orb.
     0 | D:1      | Reached XP level 1. HP: 18/18 MP: 1/1
    43 | D:1      | Reached XP level 2. HP: 9/24 MP: 2/2
   410 | D:1      | Reached skill level 4 in Shields
   418 | D:1      | Reached XP level 3. HP: 24/29 MP: 3/3
   968 | D:1      | Reached skill level 3 in Long Blades
  1055 | D:2      | Found a white marble altar of Elyvilon.
  1316 | D:2      | Noticed Natasha
  1321 | D:2      | HP: 6/29 [Natasha (5)]
  1323 | D:2      | HP: 2/29 [Natasha (4)]
  1326 | D:2      | Killed Natasha
  1326 | D:2      | Reached XP level 4. HP: 10/37 MP: 4/4
  1563 | D:2      | Noticed Natasha
  1580 | D:2      | Killed Natasha
  1645 | D:2      | Reached skill level 4 in Fighting
  1645 | D:2      | Reached XP level 5. HP: 21/42 MP: 5/5
  1690 | D:2      | Found a deep blue altar of Sif Muna.
  1695 | D:2      | Found a hide-covered altar of Uskayaw.
  1697 | D:2      | Noticed Natasha
  1706 | D:2      | HP: 6/42 [white imp/puff of frost[Natasha] (12)]
  1706 | D:2      | Slain by Natasha

Vault maps used:
D:1:      minmay_arrival_four_loops
D:2:      elyvilon_altar_4, grunt_temple_overflow_open, first_bread,
          uniq_natasha

Skill      XL: |  1  2  3  4 |
---------------+-------------+-----
Shields        | 4 |  4.6
Long Blades    | 3 |  3.5
Fighting       | 4 |  4.0
Armour         | |  3.2

Action                   |  1- 3 |  4- 6 || total
-------------------------+-------+-------++-------
Melee: Long sword        |   149 |    44 ||   193
  Use: Potion            |     1 |       ||     1
  Eat: Chunk             |     1 |     1 ||     2
       Bread ration      |       |     1 ||     1
Armor: Scale mail        |    74 |       ||    74
       Chain mail        |       |    22 ||    22
Dodge: Dodged            |    45 |     7 ||    52
Block: Shield            |    96 |    32 ||   128

Table legend:
 A = Turns spent in this place as a percentage of turns spent in the entire game.
 B = Non-inter-level travel turns spent in this place as a percentage of non-inter-level travel turns spent in the entire game.
 C = Inter-level travel turns spent in this place as a percentage of turns spent in this place.
 D = Turns resting spent in this place as a percentage of non-inter-level travel turns spent in this place.
 E = Turns spent auto-exploring this place as a percentage of non-inter-level travel turns spent in this place.
 F = Non-inter-level travel turns spent in this place divided by the number of levels of this place that you've seen.
                   A       B       C       D       E      F
               +-------+-------+-------+-------+-------+----------------------
         Total | 100.0 | 100.0 |   0.2 |   1.8 |  12.5 | 304.5
       Dungeon | 100.0 | 100.0 |   0.2 |   1.8 |  12.5 | 304.5
               +-------+-------+-------+-------+-------+----------------------

Vault maps used:
D:1:      minmay_arrival_four_loops
D:2:      elyvilon_altar_4, grunt_temple_overflow_open, first_bread,
          uniq_natasha
